 Dungeon Sprint DCSS version 0.28.0-53-g5a82cb258f (webtiles) character file.

Game seed: 14892616911058263481

2600000 Zeld the Intangible (level 19, 0/174 HPs)
             Began as a Djinni Monk on June 5, 2022.
             Was the Champion of Makhleb.
             Slain by a large bag of meat
             ... wielding a +9 giant spiked club
              (67 damage)
             ... in the Dungeon (Sprint VIII: "Arena of Blood").
             The game lasted 00:00:32 (26 turns).

Zeld the Intangible (Djinni Monk)                     Turns: 26, Time: 00:00:33

Health: 0/174      AC:  2    Str: 14    XL:     19   Next: 33%
Gold:   0          EV: 28    Int: 16    God:    Makhleb [******] SH:  0 Dex: 16

rFire   + + .      SeeInvis .   g - +∞ Axe of Woe
rCold   x . .      Faith    .   (shield currently unavailable)
rNeg    . . .      Spirit   .   a - +0 robe
rPois   ∞          Reflect  .   (no helmet)
rElec   .          Harm     .   (no cloak)
rCorr   .          Rampage  .   (no gloves)
Will    +....      NoTele   +   (boots unavailable)
Stlth   ++........              (no amulet)
HPRegen 0.39/turn               (no ring)
MPRegen 0.00/turn               (no ring)

@: flying
A: sickness immunity, fire resistance 2, cold vulnerability 1, float, innate
caster, HP casting, extra vitality 1
a: Renounce Religion, Minor Destruction, Lesser Servant of Makhleb, Major
Destruction, Greater Servant of Makhleb


You were in the Dungeon.
You worshipped Makhleb.
Makhleb was exalted by your worship.
You visited 1 branch

Inventory:

Hand Weapons
 g - the +∞ Axe of Woe (weapon)
   (You found it in the Dungeon)
Armour
 a - a +0 robe (worn)
Scrolls
 f - a scroll of blinking
Potions
 b - a potion of curing
 c - a potion of heal wounds
 d - a potion of haste
 e - a potion of berserk rage


   Skills:
 O Level 27 Fighting
 O Level 27 Axes
 O Level 27 Dodging
 - Level 1.5 Stealth
 - Level 3.0 Unarmed Combat
 * Level 20.7 Spellcasting
 * Level 26.3 Invocations


You had 24 spell levels left.
You knew the following spells:

 Your Spells              Type           Power      Damage    Failure   Level
a - Animate Skeleton      Necr           100%       N/A       0%          1
b - Call Imp              Summ           70%        N/A       0%          2
c - Searing Ray           Conj           100%       2d8       0%          2
d - Portal Projectile     Hex/Tloc       100%       N/A       0%          3
e - Summon Lightning Spi  Summ/Air       70%        N/A       0%          4
f - Yara's Violent Unrav  Hex/Tmut       35%        3d14      1%          5
g - Summon Cactus Giant   Summ           35%        N/A       1%          6
h - Eringya's Noxious Bo  Tmut/Pois      35%        N/A       1%          6
i - Statue Form           Tmut/Erth      46%        N/A       1%          6
Your spell library was empty.

Dungeon Overview and Level Annotations

Branches:
Dungeon (1/1)

Altars:
Makhleb


Innate Abilities, Weirdness & Mutations

You are immune to sickness and miasma.
You are immune to poison.
Your flesh is very heat resistant. (rF++)
You are vulnerable to cold. (rC-)
You float through the air rather than walking.
You learn spells naturally, not from books.
Your magical power is your life essence.
You have superior vitality. (+4 MHP)


Message History

A destroyer comes into view. It is wielding a +9 vorpal great sword.
You hear a shout! x3
Your Fighting skill increases to level 26!
Your Axes skill gained 2 levels and is now at level 25!
Unknown command.
The destroyer shouts!
You hit the destroyer but do no damage.
You butcher the destroyer messily.
You destroy the destroyer!
Makhleb accepts your kill.
You are no longer teleporting projectiles to their destination.
You hear two shouts!
You hear a shout! x8
A bag of meat comes into view. It is wielding a +9 war axe.
You hear a shout!
You have mastered Fighting!
Your Axes skill increases to level 26!
Your Spellcasting skill increases to level 20!
Your Invocations skill increases to level 25!
You have reached level 19!
The power to cast Statue Form wells up from within.
Spell assigned to 'i'.
You slash the bag of meat!
You pulverise the bag of meat into a thin bloody mist.
You kill the bag of meat!
Makhleb accepts your kill.
You hear a shout! x3
The destroyer points at you and mumbles some strange words.
The destroyer blinks!
A large bag of meat comes into view. It is wielding a +9 giant spiked club.
You have mastered Axes!
Your Invocations skill increases to level 26!
Unknown command.
Unknown command.
A meat berserker comes into view. It is wielding a +9 battleaxe.
You hear a shout! x4
The destroyer points at you and mumbles some strange words.
The destroyer blinks!
You hear a shout! x3
The large bag of meat hits you with a +9 giant spiked club!!!!
Ouch! That really hurt!
The large bag of meat hits you with a +9 giant spiked club!!!
You die...

#.. ..# #.. ..#
.###.. ..###.
......###......
......._.......
.....#.....#....
... #_.<)_# .
..oO.#.V.)§#...
.....§)@_)......
......O###......
..###.. ..###. .
#.. ..# #.. ..#
... .. .... .o
....


You could see a destroyer, a large bag of meat (inner flame), a meat berserker
(berserk) and a bag of meat.

Vanquished Creatures
  A vampire knight (D)
  7 ogres (D)
  13 orcs (D)
21 creatures vanquished.

Notes
Turn   | Place    | Note
-------+----------+-------------------------------------------
     0 | D        | Found the +∞ Axe of Woe
     0 | D        | Zeld the Djinni Monk began the quest for the Orb.
     0 | D        | Reached XP level 1. HP: 20/20 MP: 0/0
     2 | D        | Noticed a bag of meat
     3 | D        | Noticed a bag of meat
     4 | D        | Became a worshipper of Makhleb the Destroyer
     4 | D        | Reached * piety under Makhleb
     4 | D        | Reached ** piety under Makhleb
     4 | D        | Noticed a bag of meat
     5 | D        | Noticed a bag of meat
     6 | D        | Noticed a bag of meat
     6 | D        | Noticed a bag of meat
     7 | D        | Noticed a bag of meat
     8 | D        | Noticed a bag of meat
     9 | D        | Killed a bag of meat
     9 | D        | Killed a bag of meat
     9 | D        | Noticed a bag of meat
     9 | D        | Noticed a meat berserker
     9 | D        | Noticed a bag of meat
     9 | D        | Noticed a meat berserker
    10 | D        | Reached skill level 15 in Fighting
    10 | D        | Reached skill level 10 in Axes
    10 | D        | Reached skill level 10 in Spellcasting
    10 | D        | Reached XP level 2. HP: 43/43 MP: 0/0
    10 | D        | Reached XP level 3. HP: 49/49 MP: 0/0
    10 | D        | Learned a level 1 spell: Animate Skeleton
    10 | D        | Reached XP level 4. HP: 55/55 MP: 0/0
    10 | D        | Reached XP level 5. HP: 60/60 MP: 0/0
    10 | D        | Learned a level 2 spell: Call Imp
    10 | D        | Reached XP level 6. HP: 67/67 MP: 0/0
    10 | D        | Reached XP level 7. HP: 72/72 MP: 0/0
    10 | D        | Learned a level 2 spell: Searing Ray
    10 | D        | Reached XP level 8. HP: 78/78 MP: 0/0
    10 | D        | Reached XP level 9. HP: 84/84 MP: 0/0
    10 | D        | Learned a level 3 spell: Portal Projectile
    10 | D        | Reached XP level 10. HP: 90/90 MP: 0/0
    10 | D        | Reached XP level 11. HP: 95/95 MP: 0/0
    10 | D        | Learned a level 4 spell: Summon Lightning Spire
    10 | D        | Reached XP level 12. HP: 102/102 MP: 0/0
    10 | D        | Noticed a meat berserker
    10 | D        | Killed a bag of meat
    11 | D        | Reached XP level 13. HP: 111/111 MP: 0/0
    11 | D        | Learned a level 5 spell: Yara's Violent Unravelling
    11 | D        | Noticed a bag of meat
    12 | D        | Killed a bag of meat
    12 | D        | Reached *** piety under Makhleb
    12 | D        | Killed a meat berserker
    12 | D        | Noticed a meat berserker
    12 | D        | Noticed a bag of meat
    13 | D        | Reached XP level 14. HP: 79/121 MP: 0/0
    13 | D        | Killed a bag of meat
    13 | D        | Killed a meat berserker
    13 | D        | Reached **** piety under Makhleb
    13 | D        | Killed a bag of meat
    13 | D        | Noticed a meat berserker
    13 | D        | Noticed a bag of meat
    14 | D        | Reached XP level 15. HP: 98/132 MP: 0/0
    14 | D        | Learned a level 6 spell: Summon Cactus Giant
    14 | D        | Killed a meat berserker
    14 | D        | Killed a meat berserker
    14 | D        | Reached ***** piety under Makhleb
    14 | D        | Killed a meat berserker
    15 | D        | Reached XP level 16. HP: 145/145 MP: 0/0
    15 | D        | Reached XP level 17. HP: 151/151 MP: 0/0
    15 | D        | Learned a level 6 spell: Eringya's Noxious Bog
    15 | D        | Noticed a meat berserker
    18 | D        | Noticed a meat berserker
    19 | D        | Noticed a destroyer
    21 | D        | Killed a meat berserker
    22 | D        | Reached skill level 27 in Dodging
    22 | D        | Reached XP level 18. HP: 163/163 MP: 0/0
    22 | D        | Reached ****** piety under Makhleb
    23 | D        | Killed a meat berserker
    23 | D        | Noticed a destroyer
    24 | D        | Killed a destroyer
    25 | D        | Reached skill level 27 in Fighting
    25 | D        | Reached XP level 19. HP: 174/174 MP: 0/0
    25 | D        | Learned a level 6 spell: Statue Form
    25 | D        | Noticed a large bag of meat
    26 | D        | Reached skill level 27 in Axes
    26 | D        | Noticed a meat berserker
    26 | D        | Slain by a large bag of meat

Illustrated notes

Levels and vault maps discovered:
D:        meatsprint

Skill      XL: |  1  2  3  4  5  6  7  8  9 10 11 12 13 14 15 16 17 18 19 |
---------------+----------------------------------------------------------+-----
Fighting       | 15 16 18 20 23 25 27 | 27.0
Axes           | 10 11 13 16 19 23 26 27 | 27.0
Dodging        | 16 17 20 22 24 27 | 27.0
Spellcasting   | 10 11 13 14 16 18 20 | 20.7
Invocations    | 13 14 16 18 21 23 25 26 | 26.3
Stealth        | |  1.5
Unarmed Combat | |  3.0

Action                   |  1- 3 |  4- 6 |  7- 9 | 10-12 | 13-15 | 16-18 | 19-21 || total
-------------------------+-------+-------+-------+-------+-------+-------+-------++-------
Melee: Executioner's axe |     1 |       |       |     1 |     3 |     8 |     1 ||    14
 Cast: Portal Projectile |       |       |       |       |     1 |       |       ||     1
Dodge: Dodged            |     2 |       |       |       |     1 |       |       ||     3
